NCAA
MARYLAND TERRAPINS @ KANSAS STATE WILDCATS
04/12/2030
 
TOP OF THE 1ST
Maryland Terrapins batting - Pitching for Kansas State Wildcats : LHP Bob Scott
Pitching: LHP Bob Scott
Batting: SHB Philippe Paquin 0-0: Called Strike
0-1: Ball
1-1: Called Strike
1-2: Ball
2-2: Ball
3-2: Foul Ball, location: 2F
3-2: Foul Ball, location: 2F
3-2: Foul Ball, location: 2F
3-2: Base on Balls
Batting: RHB José Lazu 0-0: Called Strike
0-1: Swinging Strike
0-2: Strikes out looking
Batting: SHB Will Allen 0-0: Called Strike
0-1: Ball
1-1: Ball
2-1: Ball
3-1: Grounds into double play, 6-4-3 (Groundball, 6)
Top of the 1st over - 0 runs, 0 hits, 0 errors, 0 left on base; Maryland 0 - Kansas State 0
BOTTOM OF THE 1ST
Kansas State Wildcats batting - Pitching for Maryland Terrapins : RHP Jeremiah Clark
Pitching: RHP Jeremiah Clark
Batting: RHB Tony Klein 0-0: Fly out, F8 (Flyball, 8LD)
Batting: RHB Ben McKenzie 0-0: Reached on error, E6 (Groundball, 6)
Batting: RHB Fred Smith 0-0: Foul Ball, location: 2F
0-1: Ball
Wild Pitch!
Ben McKenzie to third
1-1: Called Strike
1-2: Fly out, F8 (Flyball, 8LD)
Runner from 3rd tags up, SCORES, throw made
Batting: RHB Jeff Moore 0-0: Called Strike
0-1: Ball
1-1: Ball
2-1: Foul Ball, location: 2F
2-2: Foul Ball, location: 2F
2-2: Ball
3-2: SINGLE (Flyball, 78S)
Batting: RHB Enrique Navarro 0-0: Ball
1-0: Fly out, F8 (Flyball, 8RXD)
Bottom of the 1st over - 1 run, 1 hit, 1 error, 1 left on base; Maryland 0 - Kansas State 1
TOP OF THE 2ND
Maryland Terrapins batting - Pitching for Kansas State Wildcats : LHP Bob Scott
Batting: RHB Jeff O'Day 0-0: Fly out, F9 (Flyball, 9)
Batting: LHB Charlie Johnston 0-0: Called Strike
0-1: Swinging Strike
0-2: Ball
1-2: Strikes out swinging
Batting: RHB Les McCarty 0-0: Ball
1-0: Ball
2-0: Ball
3-0: Base on Balls
Batting: RHB Fred Taylor 0-0: Fielders Choice at 2nd, 5-4 (Groundball, 56)
Top of the 2nd over - 0 runs, 0 hits, 0 errors, 1 left on base; Maryland 0 - Kansas State 1
BOTTOM OF THE 2ND
Kansas State Wildcats batting - Pitching for Maryland Terrapins : RHP Jeremiah Clark
Batting: SHB Larry Edwards 0-0: Foul Ball, location: 2F
0-1: Ball
1-1: Swinging Strike
1-2: Strikes out looking
Batting: RHB Don Prince 0-0: Ball
1-0: Ball
2-0: Ball
3-0: Called Strike
3-1: Called Strike
3-2: SINGLE (Flyball, 89S)
Batting: LHB Tom Edwards 0-0: Called Strike
0-1: Ball
Don Prince steals 2nd base
1-1: Ball
2-1: Ball
3-1: Base on Balls
Batting: RHB Mario Ramírez 0-0: DOUBLE (Line Drive, 9LD)
Don Prince scores
Tom Edwards to third
Batting: RHB Tony Klein 0-0: Ball
1-0: Called Strike
1-1: Foul Ball, location: 2F
1-2: Fly out, F4 (Popup, 4M)
Batting: RHB Ben McKenzie 0-0: Fly out, F4 (Popup, 4S)
Bottom of the 2nd over - 1 run, 2 hits, 0 errors, 2 left on base; Maryland 0 - Kansas State 2
TOP OF THE 3RD
Maryland Terrapins batting - Pitching for Kansas State Wildcats : LHP Bob Scott
Batting: LHB Winston Roberts 0-0: Called Strike
0-1: Swinging Strike
0-2: Strikes out looking
Batting: RHB Ben Barnes 0-0: Called Strike
0-1: Ball
1-1: Ball
2-1: Ball
3-1: Foul Ball, location: 2F
3-2: Base on Balls
Batting: SHB Philippe Paquin 0-0: Ball
1-0: Ball
2-0: Swinging Strike
2-1: Called Strike
2-2: Ball
3-2: Fly out, F7 (Flyball, 7LS)
Batting: RHB José Lazu 0-0: 2-RUN HOME RUN (Line Drive, 7D), Distance : 358 ft
Batting: SHB Will Allen 0-0: Foul Ball, location: 2F
0-1: Ball
1-1: Foul Ball, location: 2F
1-2: Strikes out swinging
Top of the 3rd over - 2 runs, 1 hit, 0 errors, 0 left on base; Maryland 2 - Kansas State 2
BOTTOM OF THE 3RD
Kansas State Wildcats batting - Pitching for Maryland Terrapins : RHP Jeremiah Clark
Batting: RHB Fred Smith 0-0: Swinging Strike
0-1: Ball
1-1: Swinging Strike
1-2: Foul Ball, location: 2F
1-2: Fly out, F7 (Flyball, 7S)
Batting: RHB Jeff Moore 0-0: Called Strike
0-1: Ball
1-1: Ball
2-1: Foul Ball, location: 2F
2-2: Ball
3-2: Fly out, F8 (Flyball, 8LD)
Batting: RHB Enrique Navarro 0-0: Ball
1-0: Called Strike
1-1: Ball
2-1: Ball
3-1: Fly out, F4 (Popup, 23)
Bottom of the 3rd over - 0 runs, 0 hits, 0 errors, 0 left on base; Maryland 2 - Kansas State 2
TOP OF THE 4TH
Maryland Terrapins batting - Pitching for Kansas State Wildcats : LHP Bob Scott
Batting: RHB Jeff O'Day 0-0: Fly out, F4 (Popup, 4MD)
Batting: LHB Charlie Johnston 0-0: Called Strike
0-1: Ball
1-1: Swinging Strike
1-2: Ball
2-2: Ball
3-2: Strikes out swinging
Batting: RHB Les McCarty 0-0: Ball
1-0: Ball
2-0: Called Strike
2-1: Ball
3-1: Base on Balls
Batting: RHB Fred Taylor 0-0: Called Strike
0-1: Reached on error, E1 (Groundball, 15)
Les McCarty to third
Batting: LHB Winston Roberts 0-0: SINGLE (Line Drive, 8LS)
Les McCarty scores
Fred Taylor to third
Batting: RHB Ben Barnes 0-0: Ball
1-0: Ball
2-0: Called Strike
2-1: Called Strike
2-2: Ball
Winston Roberts is caught stealing 2nd base
Top of the 4th over - 1 run, 1 hit, 1 error, 1 left on base; Maryland 3 - Kansas State 2
BOTTOM OF THE 4TH
Kansas State Wildcats batting - Pitching for Maryland Terrapins : RHP Jeremiah Clark
Batting: SHB Larry Edwards 0-0: Ball
1-0: Ground out 4-3 (Groundball, 4)
Batting: RHB Don Prince 0-0: Called Strike
0-1: Foul Ball, location: 2F
0-2: Ball
1-2: Foul Ball, location: 2F
1-2: Ball
2-2: Ground out 5-3 (Groundball, 56)
Batting: LHB Tom Edwards 0-0: Called Strike
0-1: Swinging Strike
0-2: Fly out, F7 (Flyball, 7S)
Bottom of the 4th over - 0 runs, 0 hits, 0 errors, 0 left on base; Maryland 3 - Kansas State 2
TOP OF THE 5TH
Maryland Terrapins batting - Pitching for Kansas State Wildcats : LHP Bob Scott
Batting: RHB Ben Barnes 0-0: Hit by Pitch
Batting: SHB Philippe Paquin 0-0: Ball
1-0: Foul Ball, location: 2F
1-1: Called Strike
1-2: Strikes out swinging
Batting: RHB José Lazu 0-0: Ball
1-0: Fly out, F7 (Line Drive, 7)
Batting: SHB Will Allen 0-0: Called Strike
0-1: Ball
1-1: Foul Ball, location: 2F
1-2: Ball
2-2: Fielders Choice at 2nd, 5-4 (Groundball, 56)
Top of the 5th over - 0 runs, 0 hits, 0 errors, 1 left on base; Maryland 3 - Kansas State 2
BOTTOM OF THE 5TH
Kansas State Wildcats batting - Pitching for Maryland Terrapins : RHP Jeremiah Clark
Batting: RHB Mario Ramírez 0-0: Foul Ball, location: 2F
0-1: Foul Ball, location: 2F
0-2: Ball
1-2: Foul Ball, location: 2F
1-2: Ball
2-2: Foul Ball, location: 2F
2-2: SOLO HOME RUN (Flyball, 9LD), Distance : 314 ft
Batting: RHB Tony Klein 0-0: Bunted foul
0-1: Ball
1-1: Ball
2-1: Foul Ball, location: 2F
2-2: Foul Ball, location: 2F
2-2: Strikes out swinging
Batting: RHB Ben McKenzie 0-0: Called Strike
0-1: Ball
1-1: Ball
2-1: Ground out 6-3 (Groundball, 6)
Batting: RHB Fred Smith 0-0: Called Strike
0-1: Ball
1-1: Ball
2-1: Foul Ball, location: 2F
2-2: Ball
3-2: Strikes out swinging
Bottom of the 5th over - 1 run, 1 hit, 0 errors, 0 left on base; Maryland 3 - Kansas State 3
TOP OF THE 6TH
Maryland Terrapins batting - Pitching for Kansas State Wildcats : LHP Bob Scott
Batting: RHB Jeff O'Day 0-0: Ball
1-0: Called Strike
1-1: Swinging Strike
1-2: Foul Ball, location: 2F
1-2: Strikes out swinging
Pitching: RHP Dewey Jackson
Batting: LHB Charlie Johnston 0-0: Ball
1-0: Called Strike
1-1: Called Strike
1-2: Fly out, F8 (Flyball, 8LD)
Batting: RHB Les McCarty 0-0: Ball
1-0: Ball
2-0: Called Strike
2-1: Foul Ball, location: 2F
2-2: Strikes out swinging
Top of the 6th over - 0 runs, 0 hits, 0 errors, 0 left on base; Maryland 3 - Kansas State 3
BOTTOM OF THE 6TH
Kansas State Wildcats batting - Pitching for Maryland Terrapins : RHP Jeremiah Clark
Pitching: RHP William Roy
Batting: RHB Jeff Moore 0-0: Swinging Strike
0-1: Ball
1-1: Ball
2-1: SOLO HOME RUN (Flyball, 7LD), Distance : 322 ft
Batting: RHB Enrique Navarro 0-0: Called Strike
0-1: Swinging Strike
0-2: Strikes out swinging
Batting: SHB Larry Edwards 0-0: Swinging Strike
0-1: Ball
1-1: Called Strike
1-2: Ball
2-2: Ground out 5-3 (Groundball, 56)
Batting: RHB Don Prince 0-0: Called Strike
0-1: Fly out, F9 (Flyball, 9LS)
Bottom of the 6th over - 1 run, 1 hit, 0 errors, 0 left on base; Maryland 3 - Kansas State 4
TOP OF THE 7TH
Maryland Terrapins batting - Pitching for Kansas State Wildcats : RHP Dewey Jackson
Batting: RHB Fred Taylor 0-0: Foul Ball, location: 2F
0-1: Ball
1-1: Reached on error, E5 (Groundball, 5L)
Batting: LHB Winston Roberts 0-0: Fly out, F9 (Line Drive, 9D)
Pinch Hitting: RHB Kris Brown 0-0: Ball
1-0: Called Strike
1-1: Swinging Strike
1-2: Ball
2-2: Ball
3-2: Foul Ball, location: 2F
3-2: Strikes out swinging
Fred Taylor is caught stealing 2nd base
Batter strikes out.
Top of the 7th over - 0 runs, 0 hits, 1 error, 0 left on base; Maryland 3 - Kansas State 4
BOTTOM OF THE 7TH
Kansas State Wildcats batting - Pitching for Maryland Terrapins : RHP William Roy
Pitching: LHP Eugene Hernández
Now in RF: Michael Wilson
Batting: LHB Tom Edwards 0-0: Ball
1-0: Ball
2-0: Foul Ball, location: 2F
2-1: Ball
3-1: Foul Ball, location: 2F
3-2: Base on Balls
Pitching: RHP Millard Jackson
Batting: RHB Mario Ramírez 0-0: Ball
1-0: Ball
Tom Edwards steals 2nd base
2-0: Fly out, F9 (Flyball, 9S)
Batting: RHB Tony Klein 0-0: Intentional Walk
Batting: RHB Ben McKenzie 0-0: Called Strike
0-1: Ball
1-1: Called Strike
1-2: Ball
2-2: Foul Ball, location: 2F
2-2: Ball
3-2: Base on Balls
Tom Edwards to third
Tony Klein to second
Batting: RHB Fred Smith 0-0: Called Strike
0-1: Foul Ball, location: 2F
0-2: Strikes out swinging
Batting: RHB Jeff Moore 0-0: Ball
1-0: Ground out U3 (Groundball, 34S)
Bottom of the 7th over - 0 runs, 0 hits, 0 errors, 3 left on base; Maryland 3 - Kansas State 4
TOP OF THE 8TH
Maryland Terrapins batting - Pitching for Kansas State Wildcats : RHP Dewey Jackson
Now in RF: Richard Mitchell
Batting: SHB Philippe Paquin 0-0: Ball
1-0: Ball
2-0: Ball
3-0: Base on Balls
Batting: RHB José Lazu 0-0: Fly out, F9 (Flyball, 89D)
Batting: SHB Will Allen 0-0: Ball
1-0: Ball
2-0: Foul Ball, location: 2F
2-1: Foul Ball, location: 2F
2-2: Ball
3-2: Strikes out looking
Batting: RHB Jeff O'Day 0-0: Ball
1-0: Swinging Strike
1-1: Foul Ball, location: 2F
1-2: Ball
2-2: Foul Ball, location: 2F
2-2: Foul Ball, location: 2F
2-2: Ball
3-2: Strikes out swinging
Top of the 8th over - 0 runs, 0 hits, 0 errors, 1 left on base; Maryland 3 - Kansas State 4
BOTTOM OF THE 8TH
Kansas State Wildcats batting - Pitching for Maryland Terrapins : RHP Millard Jackson
Batting: RHB Enrique Navarro 0-0: Ball
1-0: Foul Ball, location: 2F
1-1: Ball
2-1: Ground out 2-3 (Groundball, 2R)
Batting: SHB Larry Edwards 0-0: Called Strike
0-1: Ball
1-1: Foul Ball, location: 2F
1-2: Foul Ball, location: 2F
1-2: Ball
2-2: Strikes out swinging
Batting: RHB Don Prince 0-0: Called Strike
0-1: Swinging Strike
0-2: Strikes out swinging
Bottom of the 8th over - 0 runs, 0 hits, 0 errors, 0 left on base; Maryland 3 - Kansas State 4
TOP OF THE 9TH
Maryland Terrapins batting - Pitching for Kansas State Wildcats : RHP Dewey Jackson
Pitching: RHP Juan Jose Jiménez
Batting: LHB Charlie Johnston 0-0: Ball
1-0: Ball
2-0: Ball
3-0: Base on Balls
Batting: RHB Les McCarty 0-0: 2-RUN HOME RUN (Flyball, 7D), Distance : 352 ft
Batting: RHB Fred Taylor 0-0: Called Strike
0-1: Ball
1-1: Ball
2-1: Ball
3-1: Swinging Strike
3-2: Single, Error in OF, E9, batter to second base
Batting: LHB Winston Roberts 0-0: Intentional Walk
Batting: LHB Michael Wilson Balk!
Fred Taylor to third
Winston Roberts to second
0-0: Called Strike
0-1: Ball
1-1: Swinging Strike
1-2: Foul Ball, location: 2F
1-2: Foul Ball, location: 2F
1-2: Foul Ball, location: 2F
1-2: Foul Ball, location: 2F
1-2: Strikes out swinging
Batting: SHB Philippe Paquin 0-0: Intentional Walk
Batting: RHB José Lazu 0-0: Ball
1-0: Ball
2-0: Foul Ball, location: 2F
2-1: Ball
3-1: Foul Ball, location: 2F
3-2: Foul Ball, location: 2F
3-2: Base on Balls
Fred Taylor scores
Winston Roberts to third
Philippe Paquin to second
Batting: SHB Will Allen 0-0: Called Strike
0-1: Swinging Strike
0-2: Strikes out looking
Batting: RHB Jeff O'Day 0-0: Hit by Pitch
Winston Roberts scores
Philippe Paquin to third
José Lazu to second
Pitching: LHP Marvin Dailey
Batting: LHB Charlie Johnston 0-0: Called Strike
0-1: Called Strike
0-2: SINGLE (Groundball, 6MD)
Philippe Paquin scores
José Lazu to third
Jeff O'Day to second
Runner from 3rd tries for Home, SAFE, no throw
Batting: RHB Les McCarty 0-0: Called Strike
0-1: Swinging Strike
0-2: Ball
1-2: Ball
2-2: Strikes out swinging
Top of the 9th over - 6 runs, 3 hits, 1 error, 2 left on base; Maryland 9 - Kansas State 4
BOTTOM OF THE 9TH
Kansas State Wildcats batting - Pitching for Maryland Terrapins : RHP Millard Jackson
Now in CF: Mike Weeks
Batting: LHB Tom Edwards 0-0: Ball
1-0: Foul Ball, location: 2F
1-1: Called Strike
1-2: Ball
2-2: Ball
3-2: Base on Balls
Batting: RHB Mario Ramírez 0-0: Ball
1-0: Ball
2-0: Foul Ball, location: 2F
2-1: Foul Ball, location: 2F
2-2: Ball
3-2: Base on Balls
Tom Edwards to second
Batting: RHB Tony Klein 0-0: Called Strike
0-1: Fly out, F8 (Flyball, 89D)
Runner from 2nd tags up, SAFE at 3rd, no throw
Batting: RHB Ben McKenzie 0-0: Ball
1-0: Ball
2-0: Ball
3-0: Called Strike
3-1: Swinging Strike
3-2: Foul Ball, location: 2F
3-2: Foul Ball, location: 2F
3-2: Foul Ball, location: 2F
3-2: Base on Balls
Mario Ramírez to second
Pitching: LHP John Peters
Batting: RHB Fred Smith 0-0: Called Strike
0-1: Ball
1-1: Ball
2-1: Foul Ball, location: 2F
2-2: Foul Ball, location: 2F
2-2: Foul Ball, location: 2F
2-2: Ball
3-2: Fly out, F9 (Flyball, 9LD)
Runner from 3rd tags up, SCORES, no throw
Mario Ramírez to third
Batting: RHB Richard Mitchell 0-0: Called Strike
0-1: Swinging Strike
0-2: Ball
1-2: 3-RUN HOME RUN (Flyball, 7LD), Distance : 318 ft
Batting: RHB Enrique Navarro 0-0: Ball
1-0: Called Strike
1-1: Ball
2-1: Swinging Strike
2-2: Ball
3-2: Strikes out looking
Bottom of the 9th over - 4 runs, 1 hit, 0 errors, 0 left on base; Maryland 9 - Kansas State 8
Saturday, April 7th, 2018 - OOTP Baseball 18.8 Build 76